 Dungeon Crawl Stone Soup version 0.31-a0-675-g238779eb0a (webtiles) character file.

Game seed: 11387060394137302566

10 Revguard the Charlatan (level 2, 0/21 HPs)
             Began as a Demonspawn Artificer on Sept 5, 2023.
             Slain by a ball python (3 damage)
             ... on level 1 of the Dungeon.
             The game lasted 00:00:39 (99 turns).

Revguard the Charlatan (Demonspawn Artificer)         Turns: 99, Time: 00:00:41

Health: 0/21       AC:  3    Str: 12    XL:     2   Next: 10%
Magic:  2/2        EV:  8    Int: 12    God:
Gold:   0          SH:  0    Dex: 13    Spells: 1/1 levels left

rFire   . . .        a - +0 club
rCold   . . .        (no shield)
rNeg    . . .        b - +0 leather armour
rPois   .            (no helmet)
rElec   .            (no cloak)
rCorr   .            (no gloves)
SInv    .            (no boots)
Will    .....        (no amulet)
Stlth   +            (no ring)
HPRegen 0.23/turn    (no ring)
MPRegen 0.08/turn

%: no passive effects
@: constricted
A: demonic guardian 1
a: no special abilities


You were on level 1 of the Dungeon.
You visited 1 branch of the dungeon, and saw 1 of its levels.

Inventory:

Hand Weapons
 a - a +0 club (weapon)
Armour
 b - a +0 leather armour (worn)
Wands
 c - a wand of flame (15) (quivered)
 d - a wand of charming (15)
 e - a wand of iceblast (5)


   Skills:
 * Level 1.3 Fighting
 * Level 0.7 Axes
 + Level 1.8 Armour
 + Level 1.0 Dodging
 - Level 0.8 Stealth
 + Level 0.7 Invocations
 + Level 3.0 Evocations


You had one spell level left.
You didn't know any spells.
Your spell library was empty.

Dungeon Overview and Level Annotations

Branches:
Dungeon (1/15)

Altars:


Innate Abilities, Weirdness & Mutations

A weak demonic guardian rushes to your aid.


Message History

The jackal is lightly wounded.
The jackal barely misses you.
The jackal bites you but does no damage.
You hit the jackal.
The jackal is heavily wounded.
The jackal closely misses you. x2
You barely miss the jackal.
The jackal is heavily wounded.
The jackal barely misses you. x2
You barely miss the jackal.
The jackal is heavily wounded.
The jackal misses you.
You hit the jackal.
The jackal is severely wounded.
The jackal bites you. The jackal barely misses you.
You closely miss the jackal.
The jackal is severely wounded.
The jackal bites you. The jackal closely misses you.
You barely miss the jackal.
The jackal is severely wounded.
The jackal bites you. The jackal misses you.
You hit the jackal but do no damage.
The jackal is severely wounded.
The jackal bites you.
You hit the jackal.
You kill the jackal!
The ball python closely misses you. The ball python grabs you.
The ball python constricts you.
* * * LOW HITPOINT WARNING * * *
You closely miss the ball python. The ball python bites you.
* * * LOW HITPOINT WARNING * * *
The ball python constricts you.
You hit the ball python.
The ball python is moderately wounded.
The ball python bites you.
* * * LOW HITPOINT WARNING * * *
A demonic guardian appears!
The ball python constricts you.
* * * LOW HITPOINT WARNING * * *
The ball python bites you.
You die...

.. #. .##+####### #.
.#........#
#.#.+........#
...#........+ .
$...........####
....#####.##.#####......
#.hlrS@5..........#....
....####..##.###...#....
. ##.##)# #...#....
#..#.###...#....
#.........###...
#.#.>###### #.## #......
#... ....##.#.# ##.<
###.##.#.# #..


You could see a quokka, a jackal, a ball python (ally target), a frilled lizard
and a friendly quasit (summoned).

Vanquished Creatures
  A hobgoblin (D:1)
  6 jackals (D:1)
  A kobold (D:1)
8 creatures vanquished.

Notes
Turn   | Place    | Note
-------+----------+-------------------------------------------
     0 | D:1      | Revguard the Demonspawn Artificer began the quest for the
                  | Orb.
     0 | D:1      | Reached XP level 1. HP: 15/15 MP: 1/1
    58 | D:1      | Reached skill level 1 in Dodging
    78 | D:1      | Gained mutation: A weak demonic guardian rushes to your
                  | aid. [demonic ancestry]
    78 | D:1      | Reached XP level 2. HP: 13/21 MP: 2/2
    99 | D:1      | Slain by a ball python

Illustrated notes

Levels and vault maps discovered:
D:1:      amcnicky_arrival_single_pillar, layout_basic,
          dreamdust_princess_bridge

Skill      XL: |  1 |
---------------+----+-----
Dodging        | 1 |  1.0
Fighting       | |  1.3
Axes           | |  0.7
Armour         | |  1.8
Stealth        | |  0.8
Invocations    | |  0.7
Evocations     | |  3.0

Action                     || total
---------------------------++-------
  Melee: Club              ||    64
   Stab: Sleeping          ||     1
 Armour: Leather armour    ||    46
  Dodge: Dodged            ||    56

Table legend: (Time is in decaauts)
 A = Elapsed time spent in this place.
 B = Non-inter-level travel time spent in this place.
 C = Inter-level travel time spent in this place.
 D = Time resting spent in this place.
 E = Time spent auto-exploring this place.
 F = Levels seen in this place.
 G = Mean time per level.
                   A        B        C        D        E       F      G
               +--------+--------+--------+--------+--------+-----+--------+
         Total |    117 |    117 |      0 |      0 |     30 |   1 |  117.0 |
       Dungeon |    117 |    117 |      0 |      0 |     30 |   1 |  117.0 |
               +--------+--------+--------+--------+--------+-----+--------+

Top non-repeatable levels by time:
     D:1: 117 daAuts
